 Dungeon Crawl Stone Soup version 0.27.0-1-g7a089689b8 (webtiles) character file.

Game seed: 14971192692326650672

46 DearestLeader the Magician (level 3, 0/25 HPs)
             Began as a Djinni Fire Elementalist on Aug 5, 2021.
             Slain by an iguana (12 damage)
             ... on level 4 of the Dungeon.
             The game lasted 00:03:28 (1666 turns).

DearestLeader the Magician (DjFE)                   Turns: 1666, Time: 00:03:28

Health: 0/25       AC:  3    Str:  7    XL:     3   Next: 92%
Gold:   56         EV: 12    Int: 17    God:
                   SH:  0    Dex: 13

rFire    + + .     SeeInvis .   i - +3 dagger
rCold    x . .     Faith    .   (no shield)
rNeg     . . .     Spirit   .   a - +0 robe
rPois    ∞         Reflect  .   l - +0 helmet
rElec    .         Harm     .   (no cloak)
rCorr    .         Rampage  .   (no gloves)
Will     .....                  (boots unavailable)
Stlth    ++........             (no amulet)
HPRegen  0.08/turn              (no ring)
MPRegen  0.00/turn              (no ring)

@: flying
A: sickness immunity, fire resistance 2, cold vulnerability 1, float, innate
caster, hp casting, extra vitality 1
a: no special abilities


You were on level 4 of the Dungeon.
You visited 1 branch of the dungeon, and saw 3 of its levels.

You collected 56 gold pieces.

Inventory:

Hand Weapons
 g - a +0 whip
 i - a +3 dagger (weapon)
Armour
 a - a +0 robe (worn)
 l - a +0 helmet (worn)
Scrolls
 d - a scroll of noise {unknown}
 f - a scroll of identify {unknown}
 j - a scroll of brand weapon {unknown}
 k - a scroll of teleportation {unknown}
Potions
 b - a potion of lignification {unknown}
 c - a potion of curing {unknown}
 e - a potion of brilliance {unknown}
 h - a potion of ambrosia {unknown}


   Skills:
 - Level 2.1 Dodging
 - Level 1.5 Stealth
 * Level 3.5 Spellcasting


You couldn't memorise any spells.
You knew the following spells:

 Your Spells              Type           Power      Damage    Failure   Level
a - Foxfire               Conj/Fire      60%        2x1d7     3%          1
b - Conjure Flame         Conj/Fire      15%        6-21      12%         3
c - Inner Flame           Hex/Fire       15%        N/A       12%         3
d - Sticky Flame          Conj/Fire      15%        2d4       36%         4
e - Fireball              Conj/Fire      7%         3d5       71%         5
f - Sting                 Tmut/Pois      60%        1d6       3%          1
Your spell library was empty.

Dungeon Overview and Level Annotations

Branches:
Dungeon (2/15)

Altars:
Vehumet


Innate Abilities, Weirdness & Mutations

You are immune to sickness and miasma.
You are immune to poison.
Your flesh is very heat resistant. (rF++)
You are vulnerable to cold. (rC-)
You float through the air rather than walking.
You learn spells naturally, not from books.
Your magical power is your life essence.
You have superior vitality. (+4 HP)


Message History

Casting: Foxfire (safe; 3% risk of failure)
Confirm with . or Enter, or press ? or * to list all spells.
You conjure some foxfire!
You hit the iguana.
The iguana is lightly wounded.
The foxfire hits the iguana but does no damage.
The iguana is lightly wounded.
The foxfire hits the iguana but does no damage.
The iguana is lightly wounded.
The iguana barely misses you.
Casting: Foxfire (safe; 3% risk of failure)
Confirm with . or Enter, or press ? or * to list all spells.
You conjure some foxfire!
The iguana bites you!
You hit the iguana but do no damage.
The iguana is lightly wounded.
The foxfire hits the iguana.
The iguana is moderately wounded.
The foxfire hits the iguana but does no damage.
The iguana is moderately wounded.
The iguana barely misses you.
You reach down and open the door.
The iguana barely misses you.
There is an open door here.
Casting: Foxfire (safe; 3% risk of failure)
Confirm with . or Enter, or press ? or * to list all spells.
You conjure some foxfire!
The iguana bites you but does no damage.
The foxfire hits the iguana but does no damage.
The iguana is moderately wounded.
The foxfire hits the iguana.
The iguana is moderately wounded.
Casting: Foxfire (safe; 3% risk of failure)
Confirm with . or Enter, or press ? or * to list all spells.
You conjure some foxfire!
The iguana completely misses you.
Your foxfire dissipates!
The foxfire hits the iguana!
The iguana is severely wounded.
Casting: Foxfire (safe; 3% risk of failure)
Confirm with . or Enter, or press ? or * to list all spells.
You conjure some foxfire!
The iguana bites you!
You die...

#...# #...+ +##
#...# #.+ +
#...# #.# .#
#...+##+.# _.#
#...#..#§#...#
#v..#..#.'...+
#@l.'..'###+###+
#v..#..#.......#
#...#..#.......#
#...###'###+###+
#...##..#
####......##..#
#............#
#.####....##.# #
#....# #


You could see an iguana (ally target).

Vanquished Creatures
  Robin (D:2)
  A dart slug (D:1)
  2 bats (D:2)
  3 endoplasms
  5 goblins
  4 hobgoblins
  6 jackals (D:1)
  A kobold (D:1)
  2 ball pythons
  4 rats
29 creatures vanquished.

Vanquished Creatures (others)
  60 foxfires
60 creatures vanquished.

Grand Total: 89 creatures vanquished

Notes
Turn   | Place    | Note
-------+----------+-------------------------------------------
     0 | D:1      | DearestLeader the Djinni Fire Elementalist began the quest
                  | for the Orb.
     0 | D:1      | Reached XP level 1. HP: 15/15 MP: 0/0
   181 | D:1      | Reached XP level 2. HP: 14/21 MP: 0/0
   473 | D:1      | Reached skill level 3 in Spellcasting
   580 | D:1      | Reached XP level 3. HP: 23/25 MP: 0/0
   580 | D:1      | Learned a level 1 spell: Sting
  1245 | D:2      | Noticed Robin
  1332 | D:2      | Killed Robin
  1633 | D:2      | You are sucked into a shaft and drop 2 floors!
  1666 | D:4      | Slain by an iguana

Illustrated notes

Levels and vault maps discovered:
D:1:      amcnicky_arrival_single_pillar, layout_loops_cross
D:2:      layout_loops_corners, shapermc_ecumenical_altar_ellora, uniq_robin,
          uniq_terence, uniq_sigmund
D:4:      layout_basic, mainiacjoe_overflow_24_doors, slow_altar_2

Skill      XL: |  1  2 |
---------------+-------+-----
Spellcasting   | 3 |  3.5
Dodging        | |  2.1
Stealth        | |  1.5

Action                   || total
-------------------------++-------
Melee: Unarmed           ||     1
       Whip              ||     7
       Dagger            ||    13
 Cast: Foxfire           ||    42
 Stab: Sleeping          ||     1
Armor: Robe              ||     3
Dodge: Dodged            ||    17
